 Seeded DCSS version 0.29.1-1-gd02db6906a (webtiles) character file.

Game seed: 2387645567842811425 (custom seed)

21 lonewolfV2 the Cudgeller (level 2, -1/27 HPs)
             Began as a Minotaur Berserker on Oct 18, 2022.
             Was a Follower of Trog.
             Slain by a kobold
             ... wielding a +0 dagger
              (2 damage)
             ... on level 2 of the Dungeon.
             The game lasted 00:01:09 (189 turns).

lonewolfV2 the Cudgeller (Minotaur Berserker)        Turns: 189, Time: 00:01:09

Health: -1/27      AC:  2    Str: 21    XL:     2   Next: 62%
Magic:  1/1        EV: 12    Int:  4    God:    Trog [*.....]
Gold:   29         SH:  0    Dex:  9    Spells: 1/1 levels left

rFire   . . .      SeeInvis .   a - +0 mace
rCold   . . .      Faith    .   (no shield)
rNeg    . . .      Spirit   .   b - +0 animal skin
rPois   .          Reflect  .   (helmet restricted)
rElec   .          Harm     .   (no cloak)
rCorr   .          Rampage  .   (no gloves)
Will    .....                   (no boots)
Stlth   +.........              (no amulet)
HPRegen 0.09/turn               (no ring)
MPRegen 0.07/turn               (no ring)

@: no status effects
A: horns 2, retaliatory headbutt
a: Renounce Religion, Berserk


You were on level 2 of the Dungeon.
You worshipped Trog.
Trog was aware of your devotion.
You visited 1 branch of the dungeon, and saw 2 of its levels.

You collected 29 gold pieces.

Inventory:

Hand Weapons
 a - a +0 mace (weapon)
Armour
 b - a +0 animal skin (worn)
Jewellery
 c - the amulet "Xis Fedgh" {Acrobat Slay+3}
   (You acquired it on level 1 of the Dungeon)

   [amulet of the acrobat]

   It increases your evasion while moving and waiting.
   Slay:      It affects your accuracy & damage with ranged weapons and melee
   (+3).
Scrolls
 d - a scroll of acquirement


   Skills:
 + Level 3.9 Fighting
 + Level 4.0 Maces & Flails
 + Level 2.9 Armour
 + Level 2.6 Dodging


You had one spell level left.
You didn't know any spells.
Your spell library was empty.

Dungeon Overview and Level Annotations

Branches:
Dungeon (2/15)

Altars:
Nemelex Xobeh


Innate Abilities, Weirdness & Mutations

You have a pair of horns on your head.
You reflexively headbutt those who attack you in melee.


Message History

A kobold is nearby!
A kobold is nearby!
A kobold is nearby!
The kobold throws a stone.
The stone closely misses you.
The gnoll throws a throwing net.
The throwing net closely misses you. The gnoll closely misses you.
The gnoll closely misses you. You furiously retaliate!
You headbutt the gnoll. The gnoll hits you with a +0 club!
A gnoll comes into view. It is wielding a +1 spear of flaming.
The gnoll misses you. The gnoll closely misses you.
The gnoll closely misses you. You furiously retaliate!
You headbutt the gnoll!
You kill the gnoll!
Trog accepts your kill.
The kobold throws a stone.
The stone hits you but does no damage.
Your Maces & Flails skill increases to level 4!
The kobold throws a stone.
The stone closely misses you.
The kobold throws a stone.
The stone closely misses you.
The kobold throws a stone.
The stone hits you but does no damage.
A gnoll comes into view. It is wielding a +0 spear.
The kobold throws a stone.
The stone completely misses you.
The gnoll shouts!
A gnoll comes into view. It is wielding a +0 club.
The kobold hits you but does no damage. The gnoll closely misses you.
The kobold hits you with a +0 dagger. The gnoll barely misses you.
The kobold barely misses you.
The gnoll hits you from afar with a +0 spear!
* * * LOW HITPOINT WARNING * * *
The kobold hits you with a +0 dagger.
* * * LOW HITPOINT WARNING * * *
The gnoll barely misses you. The kobold hits you with a +0 dagger.
* * * LOW HITPOINT WARNING * * *
The gnoll barely misses you. The kobold closely misses you.
The gnoll closely misses you. The kobold misses you.
The gnoll hits you from afar with a +0 spear.
* * * LOW HITPOINT WARNING * * *
The kobold hits you with a +0 dagger.
* * * LOW HITPOINT WARNING * * *
The gnoll barely misses you. The kobold hits you with a +0 dagger.
You die...

#.###..###.########...#
# ##.....#....# ##..# #
........##### #..# #
........# #..# #
.###.#### #..# #...#
### #..###### #.#.#.##
..# #........
..##.##.##≈. #.##
#.####### >. #†.....≈l
##@####.# . #<†....l.
#K......#
#.#.###≈≈≈gg########
...## ##.... ##### ###.
.. #. #.


You could see 2 gnolls and a kobold.

Vanquished Creatures
  An adder (D:2)
  A gnoll (D:2)
  A giant cockroach (D:2)
  A ball python (D:2)
  A frilled lizard (D:2)
5 creatures vanquished.

Notes
Turn   | Place    | Note
-------+----------+-------------------------------------------
     0 | D:1      | lonewolfV2 the Minotaur Berserker began the quest for the
                  | Orb.
     0 | D:1      | Reached XP level 1. HP: 19/19 MP: 0/0
    51 | D:1      | Identified a scroll of acquirement
    51 | D:1      | Acquired the amulet "Xis Fedgh" {Acrobat Slay+3}
   106 | D:2      | Reached XP level 2. HP: 24/27 MP: 1/1
   111 | D:2      | Found a sparkling altar of Nemelex Xobeh.
   176 | D:2      | Reached skill level 4 in Maces & Flails
   188 | D:2      | HP: 1/27 [kobold/+0 dagger (1)]
   189 | D:2      | Slain by a kobold

Illustrated notes

Levels and vault maps discovered:
D:1:      lemuel_arrival_room, layout_basic, ebering_ecumenical_altar_box
D:2:      layout_loops_ring, serial_rivers, chequers_serial_rivers_micro_e,
          chequers_serial_rivers_micro_b, chequers_serial_rivers_small_3,
          chequers_serial_rivers_micro_c, chequers_serial_rivers_micro_d,
          basic_altar

Skill      XL: |  1  2 |
---------------+-------+-----
Maces & Flails | 4 |  4.0
Fighting       | |  3.9
Armour         | |  2.9
Dodging        | |  2.6

Action                   || total
-------------------------++-------
Melee: Mace              ||     7
       Headbutt          ||     1
  Use: Scroll            ||     1
Armor: Animal skin       ||     6
Dodge: Dodged            ||    28
